 Dungeon Crawl Stone Soup version 0.27-a0-223-ge082b6e869 (webtiles) character file.

Game seed: 532104932153609005

2496 gimp the Geomancer (level 9, -4/63 HPs)
             Began as a Demonspawn Earth Elementalist on Feb 1, 2021.
             Killed by divine providence
             ... invoked by an orc priest
              (14 damage)
             ... on level 6 of the Dungeon.
             The game lasted 00:14:35 (8191 turns).

gimp the Geomancer (Demonspawn Earth Elementalist)  Turns: 8191, Time: 00:14:35

Health: -4/63      AC:  7    Str:  9    XL:     9   Next: 28%
Magic:  5/18       EV: 12    Int: 19    God:
Gold:   434        SH:  0    Dex: 14    Spells: 6/21 levels left

rFire    . . .     SeeInvis .   a - +0 dagger (venom)
rCold    + . .     Faith    .   (no shield)
rNeg     . . .     Spirit   .   y - +2 robe {rC+}
rPois    .         Reflect  .   (no helmet)
rElec    .         Harm     .   (no cloak)
rCorr    +         Rampage  .   (no gloves)
Will     .....                  (no boots)
Stlth    ++........             (no amulet)
HPRegen  0.20/turn              (no ring)
MPRegen  0.16/turn              l - ring of resist corrosion

@: no status effects
A: hooves 1, yellow scales 2, demonic magic 1
a: no special abilities


You were on level 6 of the Dungeon.
You visited 2 branches of the dungeon, and saw 8 of its levels.

You collected 434 gold pieces.

Inventory:

Hand Weapons
 a - a +0 dagger of venom (weapon)
 b - the +8 mace of Susury Jaag {protect, rF+++}
   (You found it on level 4 of the Dungeon)

   It grants its wielder temporary protection when it strikes (+7 to AC).
   It renders you almost immune to fire.
Missiles
 k - 125 stones
 u - 21 poisoned darts (quivered)
 v - a throwing net
Armour
 w - a +0 leather armour of positive energy
 y - a +2 robe of cold resistance (worn)
 D - a +0 leather armour of fire resistance
Jewellery
 l - a ring of resist corrosion (right hand)
Wands
 q - a wand of random effects (8)
 s - a wand of polymorph (9)
 x - a wand of flame (8)
Scrolls
 c - a scroll of random uselessness {unknown}
 d - 3 scrolls of identify
 e - 4 scrolls of amnesia {unknown}
 g - 2 scrolls of enchant armour
 h - 4 scrolls of teleportation {unknown}
 j - 4 scrolls of fear {unknown}
 m - 2 scrolls of remove curse
 o - 2 scrolls of fog {unknown}
 p - 3 scrolls of magic mapping
 t - a scroll of blinking
 B - a scroll of enchant weapon {unknown}
Potions
 f - 2 potions of curing
 i - 3 potions of cancellation
 n - a potion of heal wounds
 r - a potion of lignification
 z - a potion of magic {unknown}
 A - a potion of flight {unknown}
 C - a potion of might {unknown}


   Skills:
 - Level 3.0 Fighting
 - Level 1.7 Dodging
 - Level 1.7 Stealth
 + Level 6.6 Spellcasting
 - Level 4.0 Conjurations
 + Level 3.5 Transmutations
 * Level 8.0 Earth Magic


You had 6 spell levels left.
You knew the following spells:

 Your Spells              Type           Power        Failure   Level
a - Stone Arrow           Conj/Erth      58%          2%          3
b - Sandblast             Erth           72%          1%          1
c - Petrify               Tmut/Erth      28%          10%         4
d - Passwall              Tmut/Erth      23%          1%          2
e - Lee's Rapid Deconstr  Erth           18%          11%         5

Your spell library contained the following spells:

 Spells                   Type           Power        Failure   Level


Dungeon Overview and Level Annotations

Branches:
Dungeon (7/15)             Temple (1/1) D:4

Altars:
Ashenzari
Cheibriados
Dithmenos
Elyvilon
Hepliaklqana
Kikubaaqudgha
Makhleb
Nemelex Xobeh
Okawaru
Qazlal
Ru
Sif Muna
Trog
Uskayaw
Vehumet
Wu Jian
Xom
Yredelemnul
Zin
The Shining One

Annotations:
D:3 2 runed translucent doors, Sabo's ghost, amateur HOFi


Innate Abilities, Weirdness & Mutations

You have large cloven feet.
You are mostly covered in yellow scales. (AC +3)
Spells you cast may paralyse adjacent enemies.


Message History

You take 14 damage, and have 24/63 hp.
MASSIVE DAMAGE!!
There is an open door here.
Items here: ))) [[ ÷÷÷.
You close the door, pushing everything out of the way.
Things that are here:
a +0 robe; a jackal skeleton; an orc skeleton An orc warrior opens the door.
The orc priest looks encouraged for a moment.
The orc priest mumbles some strange prayers to Beogh against you.
Beogh smites you!
* * * LOW HITPOINT WARNING * * *
You take 11 damage, and have 16/63 hp.
You feel better.
The orc warrior hits you from afar with a +0 glaive!
* * * LOW HITPOINT WARNING * * *
You take 8 damage, and have 9/63 hp.
Found 12 stones.
The orc priest calls down the wrath of Beogh upon you.
Beogh smites you!
You die...

#.#.#.## .. #.# #
....<..# #.. #.#
#.#.#.#..... . #.#
+.###...####
#.########### ..#######
#.#......o..# ...##
##.#o#######.. ...)#
##..........#.. .....#
...#.#####.........#....
.....+
.(.....@..o.............
.....#
...#.#######†......#....
....## ##...........
...## #..#####.##. ..##
#..#####.### +##
#........# # #.########
#.# ##### #.# #....


You could see an orc warrior and an orc priest.

Vanquished Creatures
  Prince Ribbit (D:6)
  Sigmund (D:4)
  Eustachio (D:4)
  A neqoxec (D:3)
  Edmund (D:5)
  An orc warrior (D:6)
  A sky beast (D:7)
  3 ogres
  A centaur (D:5)
  2 bullfrogs (D:6)
  2 scorpions
  A howler monkey (D:4)
  A centaur zombie (D:7)
  A jelly (D:7)
  A bullfrog skeleton (D:7)
  2 orc priests (D:6)
  A centaur skeleton (D:5)
  2 hounds
  5 iguanas
  Ijyb (D:3)
  5 orc wizards
  6 worker ants
  2 hound zombies (D:7)
  Robin (D:4)
  A hound skeleton (D:5)
  3 gnolls (D:4)
  A howler monkey skeleton (D:7)
  A howler monkey zombie (D:5)
  4 adders
  An ufetubus (D:6)
  3 worms
  2 dart slugs
  5 leopard geckos
  26 orcs
  2 giant cockroaches (D:3)
  8 hobgoblins
  15 jackals
  A quokka (D:7)
  3 ball pythons
  6 bats
  4 frilled lizards
  17 goblins
  6 kobolds
  2 leopard gecko zombies
  A quokka skeleton (D:6)
  7 rats
163 creatures vanquished.

Notes
Turn   | Place    | Note
-------+----------+-------------------------------------------
     0 | D:1      | gimp the Demonspawn Earth Elementalist began the quest for
                  | the Orb.
     0 | D:1      | Reached XP level 1. HP: 13/13 MP: 3/3
   242 | D:1      | Reached skill level 3 in Earth Magic
   377 | D:1      | Gained mutation: You are partially covered in yellow
                  | scales. (AC +2) [demonic ancestry]
   377 | D:1      | Reached XP level 2. HP: 11/19 MP: 0/5
  1198 | D:2      | Gained mutation: You are mostly covered in yellow scales.
                  | (AC +3) [demonic ancestry]
  1198 | D:2      | Reached XP level 3. HP: 24/24 MP: 1/6
  1311 | D:2      | Reached skill level 4 in Earth Magic
  1902 | D:3      | Reached XP level 4. HP: 27/30 MP: 0/7
  2059 | D:3      | Noticed Ijyb
  2094 | D:3      | Killed Ijyb
  2251 | D:3      | Reached skill level 5 in Earth Magic
  2413 | D:3      | Found an ornate altar of the Wu Jian Council.
  2418 | D:3      | Learned a level 3 spell: Stone Arrow
  2615 | D:3      | Found a white marble altar of Elyvilon.
  2617 | D:3      | Reached XP level 5. HP: 35/35 MP: 6/8
  2649 | D:3      | Noticed Grinder
  2650 | D:3      | Paralysed by Grinder for 3 turns
  2655 | D:3      | Noticed Grinder
  2655 | D:3      | Grinder changed into Grinder the neqoxec
  2674 | D:3      | Killed Grinder the neqoxec
  2675 | D:3      | Reached XP level 6. HP: 27/41 MP: 0/9
  3050 | D:3      | Found a large runed translucent door.
  3050 | D:3      | Found a large runed translucent door.
  3310 | D:3      | Found a stormy altar of Qazlal.
  3451 | D:3      | Noticed Sabo's ghost (amateur HOFi)
  3499 | D:4      | Found a staircase to the Ecumenical Temple.
  3526 | Temple   | Entered the Ecumenical Temple
  3658 | D:4      | Identified the +8 mace of Susury Jaag {protect, rF+++} (You
                  | found it on level 4 of the Dungeon)
  4031 | D:4      | Noticed Sigmund
  4043 | D:4      | Killed Sigmund
  4044 | D:4      | Gained mutation: Spells you cast may paralyse adjacent
                  | enemies. [demonic ancestry]
  4044 | D:4      | Reached XP level 7. HP: 40/46 MP: 4/11
  4118 | D:4      | Found a sacrificial altar of Ru.
  4118 | D:4      | Noticed Robin
  4137 | D:4      | Killed Robin
  4150 | D:4      | Reached skill level 6 in Earth Magic
  4280 | D:4      | Found a burning altar of Makhleb.
  4370 | D:4      | Noticed Eustachio
  4379 | D:4      | Killed Eustachio
  4476 | D:4      | Reached skill level 5 in Spellcasting
  4750 | D:4      | You fall into a shaft and drop 3 floors!
  4808 | D:7      | Learned a level 4 spell: Petrify
  4884 | D:7      | Reached skill level 1 in Transmutations
  4884 | D:7      | Gained mutation: You have large cloven feet. [demonic
                  | ancestry]
  4884 | D:7      | Reached XP level 8. HP: 53/53 MP: 12/16
  5042 | D:7      | Reached skill level 1 in Fighting
  6299 | D:5      | Entered Level 5 of the Dungeon
  6547 | D:5      | Noticed Edmund
  6570 | D:5      | Killed Edmund
  6571 | D:5      | Reached skill level 7 in Earth Magic
  7240 | D:5      | Found a hide-covered altar of Uskayaw.
  7716 | D:6      | Reached XP level 9. HP: 62/62 MP: 11/18
  7719 | D:6      | Learned a level 2 spell: Passwall
  7725 | D:6      | Learned a level 5 spell: Lee's Rapid Deconstruction
  7761 | D:6      | Found a radiant altar of Vehumet.
  7767 | D:6      | Noticed Prince Ribbit
  7771 | D:6      | Killed Prince Ribbit
  8129 | D:6      | Reached skill level 8 in Earth Magic
  8191 | D:6      | Killed from afar by an orc priest

Illustrated notes

Levels and vault maps discovered:
D:1:      dpeg_arrival_radiant, layout_basic
D:2:      layout_basic, nicolae_overflow_hidden_temple
D:3:      layout_loops_corners, marbit_many_paths, nzn_wu_jian_contemplation,
          ebering_ghost_disaster_area, elyvilon_altar_5, uniq_grinder, uniq_ijyb
D:4:      layout_cave_pools, chequers_temple_overflow_statue_of_worship,
          minmay_temple_entry_large_hall, uniq_sigmund, uniq_robin,
          uniq_eustachio
D:5:      layout_basic, lemuel_round_altar, grunt_ministairs_12, uniq_edmund
D:6:      layout_loops_corners, vehumet_crystals, lemuel_round_altar,
          st_stairs_9, minivault_10, moated_statue, uniq_crazy_yiuf_cottage,
          uniq_prince_ribbit1
D:7:      layout_basic, chequers_arboretum, minivault_4
Temple:   jpeg_temple_clearing

Skill      XL: |  1  2  3  4  5  6  7  8  9 |
---------------+----------------------------+-----
Earth Magic    | 3 4 5 6 7 8 |  8.0
Conjurations   | 2 3 4 |  4.0
Spellcasting   | 3 5 6 |  6.6
Transmutations | 1 2 3 |  3.5
Fighting       | 2 3 |  3.0
Dodging        | |  1.7
Stealth        | |  1.7

Action                   |  1- 3 |  4- 6 |  7- 9 || total
-------------------------+-------+-------+-------++-------
Melee: Unarmed           |     8 |       |       ||     8
       Dagger            |     5 |    54 |    67 ||   126
       Mace              |       |     3 |    15 ||    18
       Kick              |       |       |    21 ||    21
Throw: Dart              |       |     6 |     4 ||    10
       Stone             |       |       |     1 ||     1
 Cast: Sandblast         |    64 |    73 |   105 ||   242
       Stone Arrow       |       |       |    25 ||    25
       Lee's Rapid Decon |       |       |     3 ||     3
Evoke: Wand              |       |     4 |       ||     4
  Use: Potion            |       |     3 |     1 ||     4
       Scroll            |       |     7 |     3 ||    10
 Stab: Invisible         |       |     1 |       ||     1
       Paralysed         |       |       |    19 ||    19
Armor: Robe              |     7 |    12 |    51 ||    70
Dodge: Dodged            |    36 |    51 |    69 ||   156

Table legend: (Time is in decaauts)
 A = Elapsed time spent in this place.
 B = Non-inter-level travel time spent in this place.
 C = Inter-level travel time spent in this place.
 D = Time resting spent in this place.
 E = Time spent auto-exploring this place.
 F = Levels seen in this place.
 G = Mean time per level.
                   A        B        C        D        E       F      G
               +--------+--------+--------+--------+--------+-----+--------+
         Total |   8194 |   7916 |    278 |    313 |   6355 |   8 | 1024.2 |
       Dungeon |   8068 |   7803 |    265 |    313 |   6294 |   7 | 1152.6 |
        Temple |    126 |    113 |     13 |      0 |     61 |   1 |  126.0 |
               +--------+--------+--------+--------+--------+-----+--------+

Top non-repeatable levels by time:
     D:3: 1895 daAuts
     D:7: 1300 daAuts
     D:5: 1299 daAuts
     D:1: 1188 daAuts
     D:4: 857 daAuts
     D:6: 842 daAuts
     D:2: 684 daAuts
  Temple: 126 daAuts
